 Dungeon Crawl Stone Soup version 0.30-a0-55-g90e3122c3a (webtiles) character file.

Game seed: 10025184688012225676

291 Decritt the Gusty (level 6, -1/36 HPs)
             Began as a Tengu Air Elementalist on Sept 9, 2022.
             Blown up by Ijyb (20 damage)
             ... with a mindburst bolt
             ... on level 4 of the Dungeon.
             The game lasted 00:11:54 (5089 turns).

Decritt the Gusty (Tengu Air Elementalist)          Turns: 5089, Time: 00:11:55

Health: -1/36      AC:  2    Str:  8    XL:     6   Next: 32%
Magic:  2/11       EV: 14    Int: 18    God:
Gold:   135        SH:  4    Dex: 14    Spells: 3/11 levels left

rFire   . . .      SeeInvis .    j - +2 dagger (freeze)
rCold   . . .      Faith    .    i - +0 buckler
rNeg    . . .      Spirit   .    k - +0 animal skin
rPois   .          Reflect  .    (helmet restricted)
rElec   .          Harm     .    (no cloak)
rCorr   .          Rampage  .    (no gloves)
Will    .....                    (boots unavailable)
Stlth   ++........               (no amulet)
HPRegen 0.12/turn                (no ring)
MPRegen 0.12/turn                (no ring)

@: flying quickly and evasively, quick
A: beak, talons 3, nimble flight
a: no special abilities


You were on level 4 of the Dungeon.
You visited 1 branch of the dungeon, and saw 4 of its levels.

You collected 135 gold pieces.

Inventory:

Hand Weapons
 j - a +2 dagger of freezing (weapon)
Armour
 a - a +0 robe
 i - a +0 buckler (worn)
 k - a +0 animal skin (worn)
 p - a +0 tower shield
Scrolls
 d - a scroll of noise {unknown}
 h - a scroll of teleportation {unknown}
 l - a scroll of blinking {unknown}
 o - a scroll of vulnerability {unknown}
Potions
 b - 3 potions of magic
 c - a potion of haste {unknown}
 e - a potion of cancellation
 f - 2 potions of heal wounds
 g - a potion of might {unknown}
 m - a potion of berserk rage {unknown}
 n - a potion of mutation {unknown}


   Skills:
 + Level 2.3 Fighting
 + Level 2.8 Dodging
 - Level 2.0 Stealth
 + Level 2.0 Shields
 - Level 3.1 Spellcasting
 - Level 3.4 Conjurations
 * Level 5.5 Air Magic


You had 3 spell levels left.
You knew the following spells:

 Your Spells              Type           Power      Damage    Failure   Level
a - Shock                 Conj/Air       76%        1d7       3%          1
b - Airstrike             Air            11%        2d(2-18)  22%         4
c - Swiftness             Air            22%        N/A       6%          3

Your spell library contained the following spells:

 Spells                   Type           Power      Damage    Failure   Level
 Static Discharge         Conj/Air       38%        3-6/arc   4%          2
 Summon Forest            Summ/Tloc      1%         N/A       99%         5
 Summon Mana Viper        Hex/Summ       2%         N/A       99%         5
 Summon Cactus Giant      Summ           1%         N/A       100%        6


Dungeon Overview and Level Annotations

Branches:
Dungeon (4/15)
 Temple: D:4-7

Altars:

Annotations:
D:4 Ijyb


Innate Abilities, Weirdness & Mutations

You have a beak for a mouth.
You have claws for feet.
Your magical nature lets you fly swiftly and evasively.


Message History

Confirm with . or Enter, or press ? or * to list all spells.
Aiming: Shock (safe; 3% risk of failure)
Press: ? - help, Shift-Dir - straight line, f/p - Ijyb
Aim: Ijyb, wielding a +0 dagger, wearing a +0 leather armour and carrying a wand of mindburst (11) (severely wounded, 64% to hit)
The zap misses Ijyb.
Ijyb zaps a wand.
Your mind is blasted!
Casting: Shock (safe; 3% risk of failure)
Confirm with . or Enter, or press ? or * to list all spells.
Aiming: Shock (safe; 3% risk of failure)
Press: ? - help, Shift-Dir - straight line, f/p - Ijyb
Aim: Ijyb, wielding a +0 dagger, wearing a +0 leather armour and carrying a wand of mindburst (10) (severely wounded, 64% to hit)
The zap hits Ijyb.
Ijyb is almost dead.
Ijyb zaps a wand.
You barely resist.
Casting: Shock (safe; 3% risk of failure)
Confirm with . or Enter, or press ? or * to list all spells.
Aiming: Shock (safe; 3% risk of failure)
Press: ? - help, Shift-Dir - straight line, f/p - Ijyb
Aim: Ijyb, wielding a +0 dagger, wearing a +0 leather armour and carrying a wand of mindburst (9) (almost dead, 64% to hit)
The zap hits Ijyb but does no damage.
Ijyb is almost dead.
Ijyb hits you with a +0 dagger.
* * * LOW HITPOINT WARNING * * *
Casting: Shock (safe; 3% risk of failure)
Confirm with . or Enter, or press ? or * to list all spells.
Aiming: Shock (safe; 3% risk of failure)
Press: ? - help, Shift-Dir - straight line, f/p - Ijyb
Aim: Ijyb, wielding a +0 dagger, wearing a +0 leather armour and carrying a wand of mindburst (9) (almost dead, 64% to hit)
The zap misses Ijyb.
Ijyb screams, "I dance on your bones!" Ijyb closely misses you.
Casting: Shock (safe; 3% risk of failure)
Confirm with . or Enter, or press ? or * to list all spells.
Aiming: Shock (safe; 3% risk of failure)
Press: ? - help, Shift-Dir - straight line, f/p - Ijyb
Aim: Ijyb, wielding a +0 dagger, wearing a +0 leather armour and carrying a wand of mindburst (9) (almost dead, 64% to hit)
The zap hits Ijyb.
Ijyb is almost dead.
Ijyb zaps a wand.
Your mind is blasted!
Ouch! That really hurt!
You die...

...........#
.............
.............#
.............# #####
.............###.$.#
.8.8.8.............#
...................###
.8.8.8.8.....###g....#
##'##........##.@..#
#...#....#........##
#...#....#.......##
#...#.....#.#########
#####....##..## #.##
.........##...#####..##
..............#....#..#
.....###............###
.##..###.............##


You could see Ijyb.

Vanquished Creatures
  2 scorpions (D:4)
  Robin (D:2)
  4 gnolls
  4 adders
  3 worms (D:2)
  A dart slug (D:3)
  4 endoplasms
  10 giant cockroaches
  12 goblins
  13 hobgoblins
  7 kobolds
  A quokka (D:2)
  6 ball pythons
  6 bats
  A frilled lizard (D:1)
  3 rats
78 creatures vanquished.

Notes
Turn   | Place    | Note
-------+----------+-------------------------------------------
     0 | D:1      | Decritt the Tengu Air Elementalist began the quest for the
                  | Orb.
     0 | D:1      | Reached XP level 1. HP: 10/10 MP: 4/4
   357 | D:1      | Reached XP level 2. HP: 16/16 MP: 0/6
  1411 | D:2      | Reached skill level 1 in Fighting
  1411 | D:2      | Reached XP level 3. HP: 17/20 MP: 7/7
  1554 | D:2      | Identified the +0 helmet of the Lachrymose God {Dex+3}
  1554 | D:2      | Noticed Robin
  1600 | D:2      | Killed Robin
  2049 | D:2      | Found a faded altar of an unknown god.
  2403 | D:2      | Reached XP level 4. HP: 24/25 MP: 8/8
  3252 | D:3      | Reached skill level 1 in Shields
  3850 | D:3      | Gained mutation: Your magical nature lets you fly swiftly
                  | and evasively. [Tengu growth]
  3850 | D:3      | Reached XP level 5. HP: 30/30 MP: 6/10
  4094 | D:4      | Reached skill level 5 in Air Magic
  4099 | D:4      | Learned a level 4 spell: Airstrike
  4103 | D:4      | Learned a level 3 spell: Swiftness
  4280 | D:4      | Reached XP level 6. HP: 35/35 MP: 5/11
  5079 | D:4      | Noticed Ijyb
  5089 | D:4      | Blown up by Ijyb

Illustrated notes

Levels and vault maps discovered:
D:1:      saegor_arrival_simple_c, layout_basic
D:2:      kennysheep_big_flooded_room, layout_basic,
          chequers_ecumenical_altar_simple, nicolae_titane, uniq_robin
D:3:      minmay_roachtagon, layout_basic
D:4:      layout_cave_pools, kennysheep_slug_shrine, serial_column_ruins,
          column_ruins_hut_pillars, column_ruins_corridor_straight,
          column_ruins_columns_straight, column_ruins_open_small,
          column_ruins_grid_1, minmay_misc_feat_ornament,
          hangedman_abyss_or_decor_stabs, uniq_ijyb

Skill      XL: |  1  2  3  4  5  6 |
---------------+-------------------+-----
Conjurations   | 2 3 |  3.4
Fighting       | 1 2 |  2.3
Shields        | 1 2 |  2.0
Air Magic      | 5 |  5.5
Spellcasting   | 3 |  3.1
Dodging        | |  2.8
Stealth        | |  2.0

Action                   |  1- 3 |  4- 6 || total
-------------------------+-------+-------++-------
Melee: Dagger            |    59 |    47 ||   106
       Peck              |     7 |     7 ||    14
       Kick              |     9 |     9 ||    18
 Cast: Shock             |    52 |   101 ||   153
  Use: Scroll            |       |     6 ||     6
 Stab: Sleeping          |     2 |       ||     2
Armor: Leather armour    |    23 |       ||    23
       Animal skin       |     1 |     5 ||     6
Dodge: Dodged            |    36 |    39 ||    75
Block: Buckler           |     7 |    10 ||    17

Table legend: (Time is in decaauts)
 A = Elapsed time spent in this place.
 B = Non-inter-level travel time spent in this place.
 C = Inter-level travel time spent in this place.
 D = Time resting spent in this place.
 E = Time spent auto-exploring this place.
 F = Levels seen in this place.
 G = Mean time per level.
                   A        B        C        D        E       F      G
               +--------+--------+--------+--------+--------+-----+--------+
         Total |   5059 |   4968 |     91 |   1672 |   2537 |   4 | 1264.8 |
       Dungeon |   5059 |   4968 |     91 |   1672 |   2537 |   4 | 1264.8 |
               +--------+--------+--------+--------+--------+-----+--------+

Top non-repeatable levels by time:
     D:2: 1839 daAuts
     D:1: 1386 daAuts
     D:3: 1236 daAuts
     D:4: 597 daAuts
